 Dungeon Crawl Stone Soup version 0.17-a0-1421-g95311d7 (webtiles) character file.

208 Fluffy the Agent of Entropy (level 5, -1/41 HPs)
             Began as a Demonspawn Abyssal Knight on June 24, 2015.
             Was a Priest of Lugonu.
             Killed by divine providence
             ... invoked by an orc priest
              (14 damage)
             ... on level 4 of the Dungeon.
             The game lasted 00:08:22 (3903 turns).

Fluffy the Agent of Entropy (DsAK)                  Turns: 3903, Time: 00:08:22

Health: -1/41      AC:  8    Str: 14    XL:     5   Next: 55%
Magic:  9/9        EV: 10    Int: 13    God:    Lugonu [***...]
Gold:   174        SH:  0    Dex: 12    Spells: 0 memorised, 4 levels left

rFire  + . .     SeeInvis .     a - +1 falchion
rCold  x . .     Clarity  +     g - +0 ring mail
rNeg   . . .     SustAt   .     (no shield)
rPois  +         Gourm    .     (no helmet)
rElec  .         Spirit   .     l - +0 cloak
rCorr  .         Warding  .     m - +1 pair of gloves
rMut   .         Stasis   .     (no boots)
MR     .....                    e - amulet of clarity
Stlth  +.........               b - ring of fire
                                o - ring of poison resistance

@: not resistant to hostile enchantments, very unstealthy
A: talons 2, demonic guardian 1
a: Depart the Abyss, Bend Space, Banish, Renounce Religion


You were on level 4 of the Dungeon.
You worshipped Lugonu.
Lugonu was most pleased with you.
You were not hungry.

You visited 1 branch of the dungeon, and saw 4 of its levels.
You visited the Abyss 1 time.

You collected 174 gold pieces.

Inventory:

Hand weapons
 a - a +1 falchion (weapon)
Armour
 g - a +0 ring mail (worn)
 l - a +0 cloak (worn)
 m - a +1 pair of gloves (worn)
Jewellery
 b - a ring of fire (right hand)
 e - an amulet of clarity (around neck)
 o - a ring of poison resistance (left hand)
Scrolls
 d - a scroll of enchant armour
Potions
 i - 2 potions of cure mutation
 k - a potion of lignification {unknown}
 n - 2 potions of magic
 p - a potion of curing
 q - a potion of ambrosia {unknown}
 s - a potion of might {unknown}
Comestibles
 c - 6 bread rations
 h - a royal jelly
 j - a meat ration


   Skills:
 - Level 3.0 Fighting
 + Level 3.8 Long Blades
 - Level 1.7 Armour
 - Level 0.8 Dodging
 + Level 5.9 Invocations


You had 4 spell levels left.
You didn't know any spells.

Dungeon Overview and Level Annotations

Branches:
Dungeon (4/15)
 Temple: D:4-7

Altars:


Innate Abilities, Weirdness & Mutations

You have razor-sharp toenails.
A weak demonic guardian rushes to your aid.


Message History

The orc priest looks braver.
The orc priest hits you but does no damage.
You hit the orc priest.
You kill the orc priest!
Lugonu accepts your kill.
You closely miss the orc priest. The orc priest hits you with a flail.
The orc shouts!
You slash the orc priest!
You claw the orc priest, but do no damage.
The orc priest is severely wounded.
The orc priest hits you with a flail.
You hit the orc priest.
The orc priest is almost dead.
The orc priest calls down the wrath of Beogh upon you.
Pain shoots through your body!
You closely miss the orc priest.
The orc priest is almost dead.
The orc priest mumbles some strange prayers to Beogh against you.
Something smites you!
You die...

.# #.#.#.#...
#.o .#
..#.#.#.# #{#
.# # #.#.#.#
#.# .# #.....#
#o# .#
#.####.####.#.#
.#
#...........#o#
.#
######.#...(#.#
.# #.######o#
.# #.....@o{#
.# ##########
.# .# ##


You could see an orc priest and an orc.

Vanquished Creatures
  A hound (D:4)
  An orc priest (D:4)
  A worker ant (D:4)
  2 adders (D:3)
  An adder skeleton (D:4)
  3 worms
  2 giant geckos
  4 orcs
  9 bats
  A bat skeleton (D:3)
  7 goblins
  9 hobgoblins
  16 jackals
  3 giant cockroaches (D:3)
  4 giant newts
  12 kobolds
  8 rats
84 creatures vanquished.

Notes
Turn   | Place    | Note
--------------------------------------------------------------
     0 | Abyss:1  | Fluffy the Demonspawn Abyssal Knight began the quest for the Orb.
     0 | Abyss:1  | Reached XP level 1. HP: 18/18 MP: 2/2
    64 | Abyss:1  | Noticed an orange demon
    66 | Abyss:1  | Noticed a wraith
    70 | D:1      | Escaped the Abyss
   393 | D:1      | Acquired Lugonu's first power
   393 | D:1      | Gained mutation: You have sharp toenails. [demonic ancestry]
   393 | D:1      | Reached XP level 2. HP: 21/24 MP: 2/4
   959 | D:1      | Reached skill level 4 in Invocations
  1145 | D:2      | Gained mutation: A weak demonic guardian rushes to your aid. [demonic ancestry]
  1145 | D:2      | Reached XP level 3. HP: 22/29 MP: 6/6
  1751 | D:2      | Acquired Lugonu's second power
  2319 | D:3      | Reached XP level 4. HP: 13/35 MP: 7/7
  3477 | D:3      | Reached skill level 5 in Invocations
  3514 | D:4      | Acquired Lugonu's third power
  3535 | D:4      | Gained mutation: You have razor-sharp toenails. [demonic ancestry]
  3535 | D:4      | Reached XP level 5. HP: 28/41 MP: 8/8
  3903 | D:4      | Killed from afar by an orc priest

Vault maps used:
D:1:      dpeg_arrival_leaves_temple_mockup, minmay_misc_feat_chi
D:3:      first_bread, serial_bayou_lake_a
D:4:      nicolae_ru_sacrificial_ziggurat, fedhas_altar_4

Action                   |  1- 3 |  4- 6 || total
-------------------------+-------+-------++-------
Melee: Falchion          |   153 |    31 ||   184
       Rapier            |    36 |   150 ||   186
Invok: Depart the Abyss  |     1 |       ||     1
  Use: Scroll            |    10 |     2 ||    12
  Eat: Chunk             |     5 |     5 ||    10
